Map: Mountain Pass CE

Players

Noobinator - Winner!

  • Race: Zerg Zerg
  • Spawn Location: 5:00

TIU - Winner!

  • Race: Terran Terran
  • Spawn Location: 6:00

Alanthur - Winner!

  • Race: Zerg Zerg
  • Spawn Location: 5:00

Ricki

  • Race: Protoss Protoss
  • Spawn Location: 11:00

xBenx

  • Race: Zerg Zerg
  • League: Gold
  • Spawn Location: 11:00

Antony

  • Race: Zerg Zerg
  • Spawn Location: 12:00

VOD

Have the link to the VOD?

Description

Antony, xBenx, Ricki, vs Alanthur, TIU, Noobinator

Time

  • Played on: March 26, 2024, 8:29 p.m.
  • Length: 11:09
Show
View Real Time Build Order
Export as new Build Order

Noobinator Zerg - Winner!

Build Orders:  

Get SALT Encoding   

  12  0:01  Drone  
  13  0:08  Drone  
  14  0:24  Extractor x2, Drone x2  
  14  0:26  Extractor  
  13  0:30  Drone  
  17  0:45  Overlord  
Show
View Real Time Build Order
Export as new Build Order

TIU Terran - Winner!

Build Orders:  

Get SALT Encoding   

  12  0:01  SCV  
  13  0:17  Supply Depot  
  13  0:18  SCV  
  14  0:30  SCV  
  15  0:42  SCV  
  16  0:49  Barracks  
  16  0:54  SCV  
  16  0:56  Supply Depot  
  17  1:06  SCV  
  17  1:10  Refinery  
  18  1:14  Refinery  
  18  1:18  SCV  
  18  1:20  Barracks  
  19  1:28  Barracks  
  19  1:31  SCV  
  20  1:40  Barracks  
  20  1:43  SCV  
  21  1:50  Marine  
  22  1:55  SCV  
  23  2:11  Marine x2  
  23  2:13  Supply Depot  
  25  2:19  Marine, Engineering Bay  
  26  2:26  Marine, SCV  
  26  2:28  Marine  
  26  2:29  Marine  
  30  2:37  Marine  
  30  2:38  SCV  
  32  2:44  Marine  
  32  2:46  Marine  
  32  2:50  SCV  
  35  2:55  Command Center  
  35  2:56  Marine  
  37  3:02  SCV, Marine  
  39  3:14  Marine  
  39  3:15  Barracks Tech Lab  
  39  3:16  Supply Depot  
  39  3:37  Marine x4  
  39  3:38  SCV  
  44  3:47  Supply Depot  
  44  3:50  SCV  
  45  3:55  Marine  
  47  4:07  SCV  
  48  4:12  Supply Depot  
  48  4:13  Marine  
  48  4:14  Barracks Reactor  
  45  4:17  Barracks Reactor  
  41  4:26  Barracks Reactor  
  41  4:30  Supply Depot  
  41  4:31  Marine  
  41  4:32  Combat Shield  
  41  4:35  SCV  
  41  4:37  Supply Depot  
  41  4:38  Planetary Fortress  
  43  4:44  Refinery  
  43  4:46  Refinery  
  43  4:47  SCV  
  43  4:49  Marine  
  43  4:52  Supply Depot  
  45  4:57  Barracks  
  45  5:00  Barracks  
  45  5:01  Supply Depot  
  45  5:03  Marine x2  
  45  5:07  Marine  
  47  5:24  Marine  
  47  5:28  Marine x6  
  51  5:33  SCV x2  
  56  5:42  Marine  
  57  5:45  Barracks, SCV x2  
  59  5:51  Stimpack  
  59  5:55  Command Center  
  59  5:57  SCV x2  
  59  6:00  Terran Infantry Weapons Level 1  
  61  6:04  Barracks Reactor x2  
  61  6:05  Marine x3  
  61  6:06  Marine x3  
  61  6:08  Marine  
  61  6:09  SCV  
  61  6:10  Refinery  
  69  6:13  Refinery  
  69  6:20  SCV  
  69  6:21  SCV  
  69  6:23  Marine x3  
  69  6:24  Marine x2  
  76  6:32  Marine x2  
  78  6:33  SCV  
  79  6:41  SCV, Marine x2  
  79  6:45  SCV  
  83  6:50  Marauder  
  83  6:53  SCV  
  86  6:57  SCV  
  86  7:12  Marauder  
  86  7:14  Marine x6  
  86  7:15  Marine  
  95  7:33  Marauder  
  95  7:42  Marine x10  
  104  7:54  Terran Infantry Armor Level 1, Marine  
  102  7:59  Marine  
  102  8:00  Marine x7  
  110  8:14  Marine x2  
  110  8:15  Marine  
  110  8:17  Marine  
  110  8:18  Marine  
  110  8:19  Orbital Command x2  
  97  8:33  Barracks Reactor  
  97  8:41  SCV  
  98  8:53  SCV  
  98  8:54  Missile Turret  
  99  8:58  Missile Turret  
  99  9:05  SCV  
  100  9:14  Marine x2  
  100  9:15  Missile Turret, Marine x9  
  111  9:17  SCV  
  111  9:19  SCV x2  
  114  9:29  SCV  
  115  9:32  Marine x6  
  115  9:35  Supply Depot  
  115  9:37  Supply Depot  
  121  9:38  Missile Turret  
  121  9:44  Marine  
  121  9:45  Marine x3  
  125  9:53  Missile Turret  
  125  9:56  Marine x7  
  125  9:59  Missile Turret, Supply Depot  
  132  10:01  Supply Depot  
  132  10:10  Marine x4  
  136  10:14  Marine x5  
  136  10:18  Marine  
  136  10:20  Marine  
  142  10:21  Supply Depot  
  142  10:23  Supply Depot  
  142  10:27  Missile Turret  
  142  10:32  Missile Turret  
  130  10:40  Marine  
  130  10:41  Marine x8  
  139  10:47  Missile Turret  
  139  10:53  Missile Turret  
  141  10:57  Command Center  
Show
View Real Time Build Order
Export as new Build Order

Alanthur Zerg - Winner!

Build Orders: Pool First 

Get SALT Encoding   

  12  0:02  Drone  
  13  0:11  Drone  
  14  0:15  Extractor, Drone  
  15  0:34  Spawning Pool  
  14  0:39  Extractor  
  14  0:40  Drone  
  14  0:44  Overlord  
  14  0:48  Extractor  
  13  0:51  Drone  
  14  1:19  Overlord  
  14  1:23  Zergling x4  
  14  1:25  Queen  
  18  1:28  Metabolic Boost  
  18  1:38  Zergling x2  
  19  1:42  Zergling x2  
  20  1:55  Zergling x2  
  21  2:03  Hatchery  
  21  2:05  Zergling x2  
  21  2:14  Baneling Nest  
  20  2:18  Drone  
  21  2:26  Zergling x2  
  22  2:35  Drone x3  
  25  2:38  Zergling x2  
  26  2:50  Zergling x2  
  27  2:58  Lair  
  27  3:06  Drone x3  
  27  3:53  Zergling x8  
  27  3:54  Zergling x4  
  33  3:56  Queen  
  33  3:58  Centrifugal Hooks  
  32  4:27  Drone  
  32  4:28  Drone x2  
  35  4:32  Overlord  
  35  4:33  Overlord  
  35  4:38  Baneling  
  35  4:39  Baneling x3  
  35  4:41  Drone  
  35  4:45  Overseer  
  36  4:50  Queen  
  38  4:54  Drone x2  
  38  4:56  Drone  
  41  5:19  Drone x2  
  41  5:21  Extractor  
  42  5:27  Spire  
  40  5:30  Drone  
  41  5:40  Drone x6  
  41  5:41  Drone  
  48  5:47  Pneumatized Carapace  
  48  5:52  Overlord  
  48  5:53  Drone  
  49  6:00  Spore Crawler  
  48  6:07  Spore Crawler  
  48  6:10  Spore Crawler  
  46  6:17  Drone x4  
  50  6:32  Hatchery  
  49  6:35  Queen  
  49  6:39  Drone x2  
  53  6:42  Zerg Flyer Weapons Level 1  
  53  6:57  Extractor  
  53  6:58  Drone x4  
  56  7:17  Drone  
  56  7:18  Drone x3  
  60  7:24  Overlord x4  
  60  7:48  Overseer  
  60  7:51  Mutalisk x4  
  60  7:52  Mutalisk x6  
  60  7:56  Overlord  
  60  7:58  Overlord x2  
  80  8:02  Drone x2  
  82  8:16  Drone  
  82  8:19  Extractor  
  82  8:25  Mutalisk  
  82  8:26  Mutalisk x3  
  90  8:39  Drone x3  
  93  8:45  Overlord  
  93  8:46  Overlord x2  
  93  8:48  Overlord x2  
  93  8:55  Mutalisk x2  
  93  8:56  Mutalisk  
  93  9:02  Zerg Flyer Armor Level 1  
  87  9:46  Zergling x12  
  87  9:47  Zergling x2  
Show
View Real Time Build Order
Export as new Build Order

Ricki Protoss 

Build Orders:  

Get SALT Encoding   

  12  0:05  Probe  
  13  0:25  Pylon  
  13  0:36  Pylon  
  13  1:35  Probe  
  13  1:38  Gateway  
  14  1:40  Forge  
  14  1:43  Probe  
  14  1:48  Assimilator  
  14  1:51  Probe  
  16  2:02  Probe  
  17  2:15  Probe  
  18  2:36  Zealot  
  20  2:40  Assimilator, Probe  
  21  2:48  Photon Cannon, Probe  
  21  2:53  Cybernetics Core  
  21  2:58  Probe  
  22  3:03  Zealot  
  25  3:10  Probe  
  24  3:22  Probe  
  25  3:33  Zealot  
  27  3:39  Photon Cannon, Pylon  
  27  3:43  Pylon  
  27  4:37  Zealot  
  29  4:44  Probe  
  29  4:49  Pylon  
  29  4:52  Pylon, Probe  
  30  4:57  Pylon  
  30  4:59  Pylon  
  31  5:02  Probe  
  31  5:04  Zealot  
  34  5:08  Warp Gate  
  34  5:14  Probe  
  35  5:17  Gateway  
  35  5:18  Gateway  
  35  5:20  Pylon  
  35  5:26  Probe  
  34  5:31  Zealot  
  36  5:58  Zealot  
  38  6:20  Probe  
  39  6:25  Zealot  
  39  6:28  Probe  
  42  6:34  Gateway  
  42  6:35  Photon Cannon  
  42  6:36  Shield Battery  
  42  6:37  Probe, Pylon  
  42  6:41  Nexus  
  42  6:46  Pylon  
  43  6:48  Assimilator  
  43  6:50  Probe  
  40  7:02  Probe  
  41  7:11  Zealot  
  43  8:14  Zealot x3  
  49  9:58  Stalker x2  
  50  10:30  Pylon  
  50  10:31  Zealot  
  50  10:32  Zealot  
Show
View Real Time Build Order
Export as new Build Order

xBenx Zerg 

Build Orders: Hatch First 

Get SALT Encoding   

  12  0:02  Drone  
  13  0:15  Overlord  
  13  0:27  Drone  
  14  0:44  Drone  
  15  0:50  Hatchery  
  14  1:10  Spawning Pool  
  13  1:24  Drone  
  13  1:25  Drone x2  
  16  1:49  Drone x2  
  16  1:52  Extractor  
  17  2:02  Drone  
  17  2:04  Queen x2  
  22  2:22  Drone x3  
  25  2:24  Zergling x2  
  25  2:25  Zergling x2, Extractor  
  26  3:00  Drone x2  
  26  3:04  Overlord x2  
  26  3:05  Overlord  
  28  3:20  Overlord x3  
  28  3:24  Zergling x2  
  29  3:28  Zergling x2  
  25  3:42  Zergling x2  
  25  3:43  Zergling x2  
  25  3:44  Zergling x2  
  25  3:45  Metabolic Boost  
  16  3:57  Zergling x6  
  16  3:58  Zergling x6  
  16  4:00  Zergling x4  
  9  4:11  Zergling x4  
  7  4:28  Drone x3  
  10  4:34  Drone x2  
  12  4:50  Drone x2  
  12  4:51  Queen  
  12  4:52  Drone, Queen  
  19  4:56  Zergling x2  
  20  5:06  Drone  
  16  5:22  Drone x2  
  16  5:24  Spore Crawler  
  16  5:25  Spore Crawler  
  16  5:26  Drone x2  
  16  5:28  Spine Crawler  
  15  5:30  Lair  
  15  5:32  Drone  
  15  5:33  Drone  
  17  5:47  Drone x2  
  17  5:49  Drone  
  20  5:53  Zergling x2  
  21  6:10  Hatchery  
  20  6:12  Hatchery  
  20  6:15  Drone x3  
  20  6:17  Queen  
  24  6:20  Extractor, Spine Crawler  
  24  6:21  Drone x4  
  26  6:43  Drone x2  
  26  6:44  Drone  
  29  6:57  Zergling x16  
  36  7:05  Baneling Nest  
  36  7:07  Zergling x2, Spine Crawler  
  36  7:08  Zergling x2  
  32  7:32  Zergling x2  
  32  7:33  Zergling x12  
  39  7:38  Queen  
  39  7:39  Queen  
  36  7:52  Evolution Chamber x2  
  36  7:53  Drone x3, Spine Crawler  
  36  7:54  Drone, Queen  
  39  8:07  Baneling  
  39  8:08  Baneling x13  
  39  8:10  Zergling x22  
  50  8:14  Queen  
  46  8:30  Baneling  
  46  8:31  Baneling x21  
  46  8:33  Zerg Melee Weapons Level 1, Zerg Missile Weapons Level 1  
  46  8:42  Zergling x2  
  46  8:43  Zergling x16  
  55  8:51  Drone  
  55  8:52  Spore Crawler  
  55  8:56  Extractor  
  54  9:06  Zergling x2  
  54  9:07  Zergling x26  
  65  9:10  Drone, Centrifugal Hooks  
  65  9:13  Extractor, Baneling x3, Hatchery  
  65  9:14  Baneling x10  
  58  9:34  Zergling x2  
  58  9:35  Zergling x2  
  58  9:36  Zergling x18  
  64  9:47  Spore Crawler  
  64  9:49  Spore Crawler x2  
  52  10:11  Drone x4  
  53  10:16  Spore Crawler  
  53  10:17  Spore Crawler  
  53  10:19  Spore Crawler  
  49  10:21  Overlord  
Show
View Real Time Build Order
Export as new Build Order

Antony Zerg 

Build Orders: Hatch First 

Get SALT Encoding   

  12  0:01  Drone  
  13  0:13  Overlord  
  13  0:17  Drone  
  14  0:34  Drone  
  14  0:35  Drone  
  16  0:37  Drone  
  17  0:58  Hatchery  
  16  1:27  Drone x3  
  19  2:12  Extractor, Spawning Pool  
  17  2:19  Drone x2  
  17  2:20  Drone, Evolution Chamber  
  19  2:31  Drone  
  20  2:57  Drone  
  20  2:58  Drone x2  
  23  3:00  Drone x2  
  25  3:09  Drone  
  26  3:14  Zergling x4  
  28  3:20  Overlord  
  28  3:43  Zergling x4  
  28  3:44  Zergling x4  
  25  4:31  Overlord x3  
  25  4:54  Drone x2, Queen  
  25  4:56  Zergling x6  
  32  5:18  Pneumatized Carapace  
  32  5:31  Drone  
  32  5:32  Drone x5  
  38  5:38  Extractor  
  38  5:40  Spine Crawler  
  36  5:54  Zergling x4  
  38  6:01  Drone  
  38  6:02  Queen  
  38  6:03  Spine Crawler  
  40  6:14  Zerg Ground Armor Level 1  
  40  6:21  Hatchery  
  36  6:46  Drone x5  
  41  6:54  Lair  
  41  6:55  Metabolic Boost  
  41  6:56  Zergling x2  
  41  6:57  Zergling x4  
  44  7:04  Extractor  
  44  7:07  Zergling x2  
  44  7:08  Hatchery  
  44  7:13  Extractor  
  38  7:33  Zergling x10  
  38  7:36  Overlord  
  31  8:09  Zergling x2  
  31  8:10  Zergling x4  
  27  8:35  Drone  
  27  8:36  Drone  
  29  8:42  Spore Crawler  
  29  8:43  Zergling x2  
  29  8:55  Drone  
  30  8:58  Extractor  
  30  8:59  Hatchery  
  28  9:07  Zergling x2  
  29  9:36  Zergling x6  
  32  9:51  Spore Crawler  
  32  9:52  Spore Crawler  
  30  9:54  Spore Crawler  
  30  9:55  Spore Crawler  
  25  10:18  Spore Crawler  
Tags
 
Add a new tag
Caveats
  • Supply blocks, unpowered buildings, or Contaminate may cause inaccurate times.
  • Supply counts are checked every 10 seconds.